 Dungeon Crawl Stone Soup version bcrawl-1.13.2 (webtiles) character file.

Game seed: 12154138594312226158

35 Anmu the Magician (level 3, -4/26 HPs)
             Began as a Djinni Wizard on Aug 10, 2019.
             Slain by a goblin
             ... wielding a +0 dagger
             ... led by Robin
              (6 damage)
             ... on level 2 of the Dungeon.
             The game lasted 00:08:06 (993 turns).

Anmu the Magician (Djinni Wizard)                    Turns: 993, Time: 00:08:07

Health: -4/26      AC:  4    Str:  9    XL:     3   Next: 17%
Magic:  3/10       EV: 12    Int: 21    God:
Gold:   61         SH:  0    Dex:  9    Spells: 12/13 levels left

rFire    . . .     SeeInvis .   a - +0 staff
rCold    . . .     Gourm    .   (no shield)
rNeg     . . .     Faith    .   b - +0 robe
rPois    .         Spirit   .   c - +0 hat
rElec    .         Reflect  .   e - +0 cloak {MR+}
rCorr    .         Harm     .   j - +0 pair of gloves
MR       +....     Rnd*Rage +   (boots unavailable)
Stlth    ++........             (no amulet)
HPRegen  0.08/turn              (no ring)
MPRegen  0.12/turn              (no ring)

@: flying, very slightly contaminated, hasted, very quick
A: never pass out, berserk 2, blurry vision 2, wild magic 1, MP-powered wands,
floating
a: no special abilities


You were on level 2 of the Dungeon.
You were not hungry.

You visited 1 branch of the dungeon, and saw 2 of its levels.

You collected 61 gold pieces.

Inventory:

Hand Weapons
 a - a +0 staff (weapon)
Armour
 b - a +0 robe (worn)
 c - a +0 hat (worn)
 e - a +0 cloak of magic resistance (worn)
 j - a +0 pair of gloves (worn)
Scrolls
 d - a scroll of enchant weapon {unknown}
 h - 3 scrolls of identify {unknown}
 i - 2 scrolls of remove curse {unknown}
 l - a scroll of fog {unknown}
 m - a scroll of immolation {unknown}
Comestibles
 f - 4 rations {!d}


   Skills:
 + Level 2.0 Dodging
 + Level 1.7 Stealth
 * Level 5.6 Spellcasting
 * Level 1.6 Conjurations
   Level 1.0 Summonings
   Level 1.2 Translocations


You had 12 spell levels left.
You knew the following spells:

 Your Spells              Type           Power        Failure   Level  Hunger
a - Magic Dart            Conj           ###.         8%          1    None

Your spell library contained the following spells:

 Spells                   Type           Power        Failure   Level  Hunger
 Slow                     Hex            #.......     14%         1    None
 Blink                    Tloc           N/A          14%         2    None
 Call Imp                 Summ           ##......     14%         2    None
 Conjure Flame            Conj/Fire      ##......     30%         3    ##.....
 Mephitic Cloud           Conj/Pois/Air  ##......     32%         3    ##.....


Dungeon Overview and Level Annotations

Branches:
Dungeon (2/12)

Altars:
Fedhas
Gozag
Qazlal
Ru
Uskayaw
Zin

Annotations:
D:2 Robin


Innate Abilities, Weirdness & Mutations

You never pass out after going berserk.
You often lose your temper in combat.
Scrolls take you longer to read.
Your spells are a little harder to cast, but a little more powerful.
You expend magic power (3 MP) to strengthen your wands.
Your body floats in the air.


Message History

Sorry, you're not good enough to have a special ability.
Casting: Magic Dart (safe; 8% risk of failure)
Confirm with . or Enter, or press ? or * to list all spells.
Okay, then.
Memorise Mephitic Cloud, consuming 3 spell levels and leaving 9?
You start memorising the spell.
You continue memorising.
Robin roars a battlecry!
The goblin goes into a battle-frenzy!
The goblin hits you but does no damage.
Your memorisation is interrupted.
The goblin hits you with a +0 dagger.
* * * LOW HITPOINT WARNING * * *
Casting: Magic Dart (safe; 8% risk of failure)
Confirm with . or Enter, or press ? or * to list all spells.
Okay, then.
Memorise Mephitic Cloud, consuming 3 spell levels and leaving 9?
The hobgoblin no longer looks unusually strong.
The goblin no longer looks unusually strong.
The goblin hits you but does no damage.
Your memorisation is interrupted.
The goblin hits you with a +0 dagger.
You die...

+..............#
#....._..⌠.._..#
##+##..........#
#......_.#.#
#...._...#.# ####
##.##...(.#.# .....
#..<####....#
.[...g###############.#
.....gg@g.............#
.....g#################
....! ..(. ... .. .


You could see Robin, 2 hobgoblins and 2 goblins.

Vanquished Creatures
  3 leopard geckos (D:1)
  A ball python (D:1)
  2 bats (D:1)
  2 giant cockroaches
  6 goblins
  3 hobgoblins (D:1)
  2 quokkas
  A frilled lizard (D:1)
  4 kobolds (D:1)
  4 rats (D:1)
28 creatures vanquished.

Notes
Turn   | Place    | Note
-------+----------+-------------------------------------------
     0 | D:1      | Anmu the Djinni Wizard began the quest for the Orb.
     0 | D:1      | Reached XP level 1. HP: 14/14 MP: 5/5
   173 | D:1      | Reached skill level 5 in Spellcasting
   233 | D:1      | Reached XP level 2. HP: 20/20 MP: 5/8
   925 | D:2      | Found a stormy altar of Qazlal.
   925 | D:2      | Found a glowing silver altar of Zin.
   925 | D:2      | Found a hide-covered altar of Uskayaw.
   925 | D:2      | Found a sacrificial altar of Ru.
   925 | D:2      | Found an opulent altar of Gozag.
   925 | D:2      | Found a blossoming altar of Fedhas.
   936 | D:2      | Reached XP level 3. HP: 26/26 MP: 7/10
   975 | D:2      | Noticed Robin
   993 | D:2      | Slain by a goblin

Skill      XL: |  1 |
---------------+----+-----
Spellcasting   | 5 |  5.6
Dodging        | |  2.0
Stealth        | |  1.7
Conjurations   | |  1.6
Summonings     | |  1.0
Translocations | |  1.2

Action                   || total
-------------------------++-------
Melee: Staff             ||    13
 Cast: Magic Dart        ||    55
  Use: Potion            ||     2
Armor: Robe              ||     8
Dodge: Dodged            ||    13
